 Dungeon Crawl Stone Soup version 0.22.1-1-ga44c0e56f4 (webtiles) character file.

28 vege00 the Sneak (level 2, -3/13 HPs)
             Began as a Spriggan Enchanter on Nov 7, 2018.
             Slain by Sigmund
             ... wielding a +0 scythe
              (11 damage)
             ... on level 2 of the Dungeon.
             The game lasted 00:04:40 (665 turns).

vege00 the Sneak (Spriggan Enchanter)                Turns: 665, Time: 00:04:41

Health: -3/13      AC:  9    Str:  4    XL:     2   Next: 96%
Magic:  6/7        EV: 18    Int: 16    God:
Gold:   44         SH:  5    Dex: 16    Spells: 7/8 levels left

rFire    . . .     SeeInvis +   f - +2 short sword (protect)
rCold    . . .     Gourm    .   i - +0 buckler
rNeg     . . .     Faith    .   b - +0 robe
rPois    .         Spirit   .   (helmet restricted)
rElec    .         Reflect  .   (no cloak)
rCorr    .         Harm     .   (gloves unavailable)
MR       .....                  (boots unavailable)
Stlth    +++.......             (no amulet)
HPRegen  0.04/turn              (no ring)
MPRegen  0.10/turn              (no ring)

@: protection aura, very quick
A: very small, unfitting armour, see invisible, herbivore, speed 3, slow
metabolism 2
a: no special abilities


You were on level 2 of the Dungeon.
You were not hungry.

You visited 1 branch of the dungeon, and saw 2 of its levels.

You collected 44 gold pieces.

Inventory:

Hand Weapons
 a - a +1 dagger
 f - a +2 short sword of protection (weapon)
Armour
 b - a +0 robe (worn)
 i - a +0 buckler (worn)
Scrolls
 e - a scroll of remove curse
 j - a scroll of identify
 k - a scroll of amnesia {unknown}
Potions
 c - a potion of magic {unknown}
 g - 3 potions of heal wounds
 h - a potion of might {unknown}
Comestibles
 d - 2 rations


   Skills:
 * Level 1.8 Short Blades
 * Level 3.2 Dodging
 - Level 4.4 Stealth
 * Level 3.5 Spellcasting
 + Level 4.0 Hexes


You had 7 spell levels left.
You knew the following spells:

 Your Spells              Type           Power        Failure   Level  Hunger
a - Corona                Hex            ###....      6%          1    None

Your spell library contained the following spells:

 Spells                   Type           Power        Failure   Level  Hunger
 Confuse                  Hex            ###.....     17%         3    ###....
 Tukima's Dance           Hex            ###.....     17%         3    ###....
 Ensorcelled Hibernation  Hex/Ice        #.....       21%         2    ##.....
 Dazzling Spray           Conj/Hex       #.....       36%         3    ###....


Dungeon Overview and Level Annotations

Branches:
Dungeon (2/15)

Altars:

Annotations:
D:2 Sigmund


Innate Abilities, Weirdness & Mutations

You are very small and have problems with some larger weapons.
You are too small for most types of armour.
You have supernaturally acute eyesight. (SInv)
You are a herbivore.
You cover ground extremely quickly.
You need to consume almost no food.


Message History

Aiming: Corona (safe; 6% risk of failure)
Press: ? - help, Shift-Dir - straight line, f/p - Sigmund
Aim: Sigmund, wielding a scythe and wearing a robe (heavily wounded, chance to Sigmund is outlined in light.
You hit Sigmund.
Sigmund is heavily wounded.
Sigmund barely misses you.
You hit Sigmund.
Sigmund is heavily wounded.
Sigmund closely misses you.
You hit Sigmund.
Sigmund is severely wounded.
You hit Sigmund.
Sigmund is severely wounded.
Sigmund barely misses you.
You completely miss Sigmund.
Sigmund is severely wounded.
Sigmund hits you with a scythe!
Ouch! That really hurt!
You die...

#..#.# # #..#.# ##
## #.#..#.# #. .#
#.#..#.# #.#.#
.....#.# ...
#..#.#######.#
#.......(.##.#####
#....@@..........#
#...#####.##.###.#
#...# #.##.# #.#
#...# #.##.# #.#
#...#
#.##.###.####.#
.....
#.##.##.......#
.#>.#.
#<##.##.<######
#.#..#.#
#.##.##.)# #..#


You could see Sigmund.

Vanquished Creatures
  2 leopard geckos (D:1)
  A bat (D:1)
  A giant cockroach (D:1)
  3 goblins (D:1)
  2 hobgoblins (D:1)
  7 kobolds
  2 ball pythons (D:1)
  3 frilled lizards (D:1)
  2 rats (D:1)
23 creatures vanquished.

Notes
Turn   | Place    | Note
-------+----------+-------------------------------------------
     0 | D:1      | vege00 the Spriggan Enchanter began the quest for the Orb.
     0 | D:1      | Reached XP level 1. HP: 9/9 MP: 5/5
   117 | D:1      | Reached XP level 2. HP: 5/13 MP: 4/6
   641 | D:2      | Noticed Sigmund
   665 | D:2      | Slain by Sigmund

Skill      XL: |  1  2 |
---------------+-------+-----
Spellcasting   | 3 |  3.5
Hexes          | 4 |  4.0
Short Blades   | |  1.8
Dodging        | |  3.2
Stealth        | |  4.4

Action                   || total
-------------------------++-------
Melee: Dagger            ||    15
       Short sword       ||    68
 Cast: Corona            ||    24
  Use: Scroll            ||     3
Armor: Robe              ||     9
Dodge: Dodged            ||    60
Block: Buckler           ||    11
